AoeStats
← Actiweed1

African Clearing

510300313Analyzed
4v4 RM · 23h ago on Sep 30, 2026· 24m 2s· 8 players
Game mode
Random Map
Map size
Large (8 player)
Population
200
Speed
Normal
Resources
Standard
Victory
Conquest
Starting age
Dark Age
Ending age
Imperial Age
RankedLock teamsTeams togetherTeam positionsShared explorationLock speedFull tech treeHidden civsTurbo modeCheats
Victory
Defeat
🇫🇷 Vietnamese · France
872
+15
🇹🇷 Magyars · Türkiye
848
+16
🇫🇷 Cumans · France
803
+18
🇩🇰 Britons · Denmark
728
+21
🇨🇳 Danes · China
1007
-25
🇨🇳 Saxons · China
894
-19
🇨🇳 Vietnamese · China
838
-17
🇨🇳 Varangians · China
614
-9
Actiweed1
4:45 Loom
15:52 Feudal Age
17:49 Wheelbarrow
17:02 Horse Collar
M1chael Scott
13:52 Loom
16:18 Feudal Age
16:50 Double-Bit Axe
16:50 Horse Collar
20:15 Padded Archer Armor
20:06 Fletching
20:17 Gold Mining
BASTOSFOUFOU94
4:05 Loom
15:28 Feudal Age
19:34 Horse Collar
20:02 Fishing Lines
25:27 Castle Age
23:33 Town Watch
24:00 Double-Bit Axe
ryioze
11:55 Loom
14:34 Feudal Age
21:12 Double-Bit Axe
Market Builder
8:31 Loom
12:42 Feudal Age
13:32 Feudal Age
17:07 Castle Age
15:42 Double-Bit Axe
18:45 Horse Collar
AisakaTaiga
8:39 Loom
14:50 Feudal Age
23:20 Castle Age
21:16 Double-Bit Axe
21:15 Horse Collar
21:42 Arson
22:15 Scale Mail Armor
23:54 Forging
Market Blockers
3:20 Loom
14:12 Feudal Age
19:28 Castle Age
17:42 Horse Collar
18:21 Double-Bit Axe
19:45 Scale Mail Armor
19:46 Arson
20:38 Squires
20:49 Forging
Gatherer
6:16 Loom
16:44 Feudal Age
20:15 Castle Age
18:48 Forging
18:43 Scale Barding Armor
18:24 Double-Bit Axe
21:18 Bow Saw
22:17 Iron Casting
22:03 Chain Barding Armor
23:29 Wheelbarrow
24:04 Bloodlines
Connection lost

Rejoining the realm…

Still unreachable

The connection could not be restored.

Session expired

The server has moved on; the page needs a fresh start.